 Dungeon Crawl Stone Soup version 0.21.0 (webtiles) character file.

553 Hekarica the Stinger (level 7, -3/41 HPs)
             Began as an Octopode Venom Mage on May 24, 2018.
             Slain by a worker ant (4 damage)
             ... on level 5 of the Dungeon.
             The game lasted 00:14:54 (4541 turns).

Hekarica the Stinger (Octopode Venom Mage)          Turns: 4541, Time: 00:14:55

Health: -3/41      AC:  3    Str:  7 (8)  XL:     7   Next: 29%
Magic:  9/12       EV: 14    Int: 21 (24) God:
Gold:   139        SH:  0    Dex: 10 (12) Spells: 9/13 levels left

rFire    . . .     SeeInvis .   d - +4 hand axe
rCold    . . .     Gourm    .   (no shield)
rNeg     . . .     Faith    .   v - +2 hat
rPois    .         Spirit   .   (no amulet)
rElec    .         Reflect  .   (no ring)
rCorr    .         Harm     .   (no ring)
MR       .....                  (no ring)
Stlth    +++.......             (no ring)
HPRegen  0.13/turn              (no ring)
MPRegen  0.13/turn              (no ring)
                                (no ring)
                                (no ring)

@: brilliant, slowed, very slow
A: almost no armour, stealthy swim, amphibious, 8 rings, constrict 8, camouflage
1, gelatinous body 1
a: no special abilities


You were on level 5 of the Dungeon.
You were not hungry.

You visited 1 branch of the dungeon, and saw 5 of its levels.

You collected 139 gold pieces.

Inventory:

Hand Weapons
 d - a +4 hand axe (weapon)
Missiles
 k - 6 exploding tomahawks (quivered)
 s - 5 tomahawks of returning
Armour
 l - a scarf of spirit shield
 v - a +2 hat (worn)
Scrolls
 c - 3 scrolls of identify
 h - a scroll of immolation
 m - a scroll of remove curse
Potions
 b - a potion of degeneration
 e - 3 potions of curing
Books
 a - a Young Poisoner's Handbook

   Spells                             Type                      Level
   a - Sting                          Conjuration/Poison           1
   b - Poisonous Vapours              Poison/Air                   2
   c - Mephitic Cloud                 Conjuration/Poison/Air       3
   d - Olgreb's Toxic Radiance        Poison                       4
   e - Venom Bolt                     Conjuration/Poison           5
Comestibles
 n - 2 rations


   Skills:
 * Level 4.2 Dodging
 + Level 4.4 Stealth
 * Level 3.9 Spellcasting
 * Level 3.9 Conjurations
 + Level 4.7 Poison Magic


You had 9 spell levels left.
You knew the following spells:

 Your Spells              Type           Power        Failure   Level  Hunger
a - Sting                 Conj/Pois      ####         1%          1    None
b - Mephitic Cloud        Conj/Pois/Air  ####....     1%          3    ###....


Dungeon Overview and Level Annotations

Branches:
Dungeon (5/15)
 Temple: D:4-7

Altars:


Innate Abilities, Weirdness & Mutations

You cannot wear most types of armour.
You are very stealthy in the water. (Stealth+)
You are amphibious.
You can wear up to eight rings at the same time.
You can use your tentacles to constrict eight enemies at once.
Your skin changes colour to match your surroundings (Stealth+).
Your rubbery body absorbs attacks. (AC +1, EV +1)


Message History

You are lethally poisoned!
The worker ant poisons you!
You feel better.
The orc wizard gestures at you while chanting.
You feel yourself slow down. The worker ant bites you.
* * * LOW HITPOINT WARNING * * *
You closely miss the worker ant. Your grab misses the worker ant.
Your squeeze misses the worker ant. The worker ant barely misses you.
The worker ant bites you.
* * * LOW HITPOINT WARNING * * *
The orc wizard barely misses you.
You hit the orc wizard.
You kill the orc wizard!
You closely miss the worker ant. The worker ant barely misses you.
The worker ant bites you.
* * * LOW HITPOINT WARNING * * *
You barely miss the worker ant. Your grab misses the worker ant.
You squeeze the worker ant, but do no damage.
The worker ant bites you.
You die...

#....... o..... .......
..a... #......###..... .
...a.........# #.##
###o.#....?..... ....
..).#...#......
#.##..#####..#..........
.....%)@a)..............
#.##..####.......#...#..
#.................... ..
............#...##. ..
.........#..†....... #.
.........#.....#.### #
.####...##.....#.###
#...##.....#....
#..........#####


You could see a worker ant.

Vanquished Creatures
  2 scorpions
  Crazy Yiuf (D:2)
  6 orc wizards
  2 orc priests (D:4)
  4 worker ants
  3 adders
  A worm (D:4)
  A dart slug (D:1)
  13 orcs
  3 ball pythons
  7 bats
  2 giant cockroaches (D:3)
  4 goblins
  8 hobgoblins
  4 frilled lizards (D:1)
  6 kobolds
  4 rats
71 creatures vanquished.

Vanquished Creatures (others)
  An orc wizard (D:5)
1 creature vanquished.

Grand Total: 72 creatures vanquished

Notes
Turn   | Place    | Note
-------+----------+-------------------------------------------
     0 | D:1      | Hekarica the Octopode Venom Mage began the quest for the Orb.
     0 | D:1      | Reached XP level 1. HP: 11/11 MP: 3/3
   233 | D:1      | Reached XP level 2. HP: 3/17 MP: 5/5
  1075 | D:2      | Reached XP level 3. HP: 20/21 MP: 6/6
  1390 | D:2      | Found a runed door.
  1394 | D:2      | Noticed Crazy Yiuf
  1401 | D:2      | Killed Crazy Yiuf
  1401 | D:2      | Reached XP level 4. HP: 17/27 MP: 6/8
  2257 | D:3      | Reached XP level 5. HP: 31/31 MP: 9/9
  2778 | D:4      | Learned a level 3 spell: Mephitic Cloud
  2793 | D:4      | Reached XP level 6. HP: 22/36 MP: 10/10
  4065 | D:4      | Learned a level 3 spell: Mephitic Cloud
  4088 | D:5      | Entered Level 5 of the Dungeon
  4110 | D:5      | Reached XP level 7. HP: 20/41 MP: 12/12
  4532 | D:5      | HP: 2/41 [orc wizard/dagger (2)]
  4540 | D:5      | HP: 1/41 [worker ant (3)]
  4541 | D:5      | Slain by a worker ant

Skill      XL: |  1  2  3  4  5  6 |
---------------+-------------------+-----
Stealth        | 3 4 |  4.4
Conjurations   | 2 3 |  3.9
Dodging        | 3 4 |  4.2
Poison Magic   | 4 |  4.7
Spellcasting   | 3 |  3.9

Action                   |  1- 3 |  4- 6 |  7- 9 || total
-------------------------+-------+-------+-------++-------
Melee: Hand axe          |    49 |    90 |    19 ||   158
       Constrict         |    11 |    22 |     3 ||    36
       Unarmed           |     1 |       |       ||     1
       Tentacles         |     5 |    12 |     2 ||    19
 Cast: Sting             |     3 |    12 |     8 ||    23
  Use: Scroll            |       |    12 |       ||    12
       Potion            |       |       |     7 ||     7
 Stab: Sleeping          |     9 |     6 |       ||    15
       Distracted        |     1 |       |       ||     1
  Eat: Ration            |     1 |     2 |     1 ||     4
Armor: Skin              |     3 |     4 |     5 ||    12
Dodge: Dodged            |    27 |    54 |     9 ||    90
